 Dungeon Crawl Stone Soup version 0.30.1-4-g462c640d31 (webtiles) character file.

Game seed: 8366938594762774004

165 Nick1 the Poker (level 5, -7/40 HPs)
             Began as a Merfolk Gladiator on Sept 16, 2023.
             Was an Initiate of Wu Jian.
             Mangled by an ogre
             ... wielding a +0 giant club
              (22 damage)
             ... on level 4 of the Dungeon.
             The game lasted 00:14:35 (1903 turns).

Nick1 the Poker (Merfolk Gladiator)                 Turns: 1903, Time: 00:14:35

Health: -7/40      AC:  6    Str: 15    XL:     5   Next: 46%
Magic:  5/5        EV: 14    Int:  7    God:    Wu Jian [......]
Gold:   313        SH:  0    Dex: 17    Spells: 4/4 levels left

rFire   . . .        o - +0 halberd
rCold   . . .        (shield currently unavailable)
rNeg    + . .        b - +0 leather armour
rPois   .            p - +2 helmet
rElec   .            (no cloak)
rCorr   .            (no gloves)
SInv    .            (no boots)
Will    .....        (no amulet)
Stlth   ++           q - ring of positive energy
HPRegen 0.26/turn    (no ring)
MPRegen 0.09/turn

%: no passive effects
@: no status effects
A: (nimble swimmer 2), mertail
a: Renounce Religion


You were on level 4 of the Dungeon.
You worshipped Wu Jian.
Wu Jian was noncommittal.
You visited 1 branch of the dungeon, and saw 4 of its levels.

You collected 313 gold pieces.

Inventory:

Hand Weapons
 a - a +0 trident
 o - a +0 halberd (weapon)
Missiles
 e - 5 poisoned darts (quivered)
 m - a javelin
Armour
 b - a +0 leather armour (worn)
 c - a +0 helmet
 p - a +2 helmet (worn)
Jewellery
 q - a ring of positive energy (left hand)
Wands
 r - a wand of charming (2)
Scrolls
 h - a scroll of immolation {unknown}
 i - a scroll of acquirement {unknown}
 j - 2 scrolls of fear
 n - a scroll of silence {unknown}
 t - 2 scrolls of noise {unknown}
 u - 2 scrolls of enchant weapon {unknown}
 v - a scroll of teleportation {unknown}
Potions
 d - a potion of heal wounds {unknown}
 f - 2 potions of attraction
 g - a potion of lignification {unknown}
 k - 3 potions of haste
 l - 2 potions of flight


   Skills:
 * Level 2.8 Fighting
 * Level 6.0 Polearms
 * Level 2.8 Throwing
 + Level 0.5 Armour
 * Level 4.6 Dodging
 * Level 1.5 Stealth


You had 4 spell levels left.
You didn't know any spells.
Your spell library was empty.

Dungeon Overview and Level Annotations

Branches:
Dungeon (4/15)
 Temple: D:4-7

Altars:
Vehumet
Wu Jian


Innate Abilities, Weirdness & Mutations

((You are very nimble when in or above water. (Stealth+, EV+, Speed+++)))
Your lower body shifts to a powerful aquatic tail in water.


Message History

Done exploring.
As you read the scroll labelled YCEUTIUWNO, it crumbles to dust.
It is a scroll of identify.
k - 3 potions of haste
As you read the scroll of identify, it crumbles to dust.
f - 2 potions of attraction
As you read the scroll of identify, it crumbles to dust.
l - 2 potions of flight
Okay, then.
Done exploring.
There is a stone staircase leading down here.
You climb downwards.
Found 5 stones.
There is a stone staircase leading up here.
Reach: o) +0 halberd
Press: ? - help, Dir - move target, f - ogre
Aim: an ogre, wielding a +0 giant club (asleep, about 2% to evade your +0 halberd)
You reach to attack!
The helpless ogre fails to defend itself.
You hit the ogre.
The ogre is lightly wounded.
You puncture the ogre!
The ogre is heavily wounded.
The ogre shouts!
The ogre barely misses you.
You slash the ogre!
The ogre is severely wounded.
The ogre closely misses you.
You hit the ogre.
The ogre is almost dead.
A hound comes into view.
The hound barks!
You hit the ogre.
The ogre is almost dead.
The ogre hits you with a +0 giant club!!
The ogre hits you with a +0 giant club. The ogre attacks as you move away!
The ogre hits you with a +0 giant club!!
Ouch! That really hurt!
You die...

.############
......O.....####
#.O@<..h....
#.#####..... #.
..( #. # #


You could see 2 ogres and a hound.

Vanquished Creatures
  Jessica (D:2)
  Ijyb (D:3)
  3 gnolls (D:2)
  4 adders
  A worm (D:3)
  A dart slug (D:1)
  3 bats
  6 endoplasms
  A giant cockroach (D:1)
  4 goblins
  5 hobgoblins
  A quokka (D:1)
  2 ball pythons (D:1)
  3 frilled lizards (D:1)
  5 kobolds
  7 rats
48 creatures vanquished.

Notes
Turn   | Place    | Note
-------+----------+-------------------------------------------
     0 | D:1      | Nick1 the Merfolk Gladiator began the quest for the Orb.
     0 | D:1      | Reached XP level 1. HP: 16/16 MP: 1/1
   157 | D:1      | Reached XP level 2. HP: 22/22 MP: 2/2
   482 | D:1      | Reached XP level 3. HP: 27/27 MP: 3/3
   664 | D:2      | Noticed Jessica
   672 | D:2      | Killed Jessica
   673 | D:2      | Reached skill level 5 in Polearms
   673 | D:2      | Reached XP level 4. HP: 7/34 MP: 4/4
  1141 | D:2      | Reached skill level 1 in Stealth
  1299 | D:2      | Found a faded altar of an unknown god.
  1466 | D:3      | Noticed Ijyb
  1469 | D:3      | Reached XP level 5. HP: 39/39 MP: 5/5
  1486 | D:3      | Killed Ijyb
  1566 | D:3      | Found an ornate altar of the Wu Jian Council.
  1572 | D:3      | Became a worshipper of the Wu Jian Council
  1600 | D:3      | Reached skill level 6 in Polearms
  1756 | D:3      | Found a radiant altar of Vehumet.
  1896 | D:4      | Noticed an ogre
  1896 | D:4      | Noticed an ogre
  1903 | D:4      | Mangled by an ogre

Illustrated notes

Levels and vault maps discovered:
D:1:      lightli_arrival_statuegarden, layout_loops_ring, minmay_pentomino_z2
D:2:      layout_loops_ring, hellmonk_ecumenical_altar_zigzags,
          kennysheep_generic_room_5, uniq_jessica
D:3:      layout_rooms, nzn_wu_jian_council_hall, vehumet_crystals, uniq_ijyb
D:4:      layout_loops_ring, mainiacjoe_overflow_chevrons,
          mainiacjoe_overflow_alcove_4, cheibrodos_ashenzari_chains,
          hellmonk_ghost_happy_afterlife, serial_shops, shop

Skill      XL: |  1  2  3  4  5 |
---------------+----------------+-----
Polearms       | 5 6 |  6.0
Stealth        | 1 |  1.5
Fighting       | |  2.8
Throwing       | |  2.8
Armour         | |  0.5
Dodging        | |  4.6

Action                     |  1- 3 |  4- 6 || total
---------------------------+-------+-------++-------
  Melee: Trident           |    85 |    49 ||   134
         Halberd           |       |    39 ||    39
  Throw: Throwing net      |     9 |       ||     9
         Javelin           |     4 |     2 ||     6
         Dart              |       |     1 ||     1
    Use: Scroll            |     1 |     4 ||     5
   Stab: Sleeping          |     4 |     5 ||     9
         Held in net/web   |     1 |       ||     1
 Armour: Leather armour    |    11 |    10 ||    21
  Dodge: Dodged            |    35 |    66 ||   101
